 Dungeon Sprint DCSS version 0.29.1-15-g9cfb28693d (webtiles) character file.

Game seed: 14014659658522270272

54 boopmooplesden the Spear-Bearer (level 8, 0/85 HPs)
             Began as a Minotaur Berserker on Mar 23, 2023.
             Was an Elder of Trog.
             Slain by a kobold demonologist
             ... wielding a +0 dagger
              (3 damage)
             ... in the Dungeon (Sprint VI: "Thunderdome").
             The game lasted 00:02:20 (333 turns).

boopmooplesden the Spear-Bearer (Minotaur Berserker) Turns: 333, Time: 00:02:20

Health: 0/85       AC:  2    Str: 23    XL:     8   Next: 1%
Magic:  16/16      EV: 16    Int: 11    God:    Trog [****..]
Gold:   91         SH:  0    Dex: 16    Spells: 7/7 levels left

rFire   . . .      SeeInvis .   p - +1 scythe (protect)
rCold   . . .      Faith    +   (shield currently unavailable)
rNeg    . . .      Spirit   .   b - +0 animal skin
rPois   +          Reflect  .   (helmet restricted)
rElec   +          Harm     .   (no cloak)
rCorr   +          Rampage  .   (no gloves)
Will    .....      NoTele   +   (no boots)
Stlth   ++........              n - amulet of the Present {Faith rElec rPois Int+7 Dex-4}
HPRegen 0.24/turn               o - ring of Onnic {rCorr Dex+6}
MPRegen 0.15/turn               m - ring of Kyteceta {MP+9 Dex+3}

@: on berserk cooldown, slowed, very slow
A: horns 2, retaliatory headbutt
a: Renounce Religion, Berserk, Trog's Hand, Brothers in Arms


You were in the Dungeon.
You worshipped Trog.
Trog was greatly pleased with you.
You visited 1 branch You collected 280 gold pieces.
You spent 189 gold pieces at shops.

Inventory:

Hand Weapons
 a - a +0 spear
 p - a +1 scythe of protection (weapon)
Missiles
 r - a curare-tipped dart (quivered)
Armour
 b - a +0 animal skin (worn)
 q - a +0 buckler
Jewellery
 m - the ring of Kyteceta (right hand) {MP+9 Dex+3}
   (You bought it in a shop in the Dungeon)

   [ring of magical power]

   Dex:       It affects your dexterity (+3).
   MP:        It affects your magic capacity (+9).
 n - the amulet of the Present (around neck) {Faith rElec rPois Int+7 Dex-4}
   (You bought it in a shop in the Dungeon)

   [amulet of faith]

   It allows you to gain divine favour quickly.
   Int:       It affects your intelligence (+7).
   Dex:       It affects your dexterity (-4).
   rElec:     It insulates you from electricity.
   rPois:     It protects you from poison.
 o - the ring of Onnic (left hand) {rCorr Dex+6}
   (You bought it in a shop in the Dungeon)

   [ring of dexterity]

   Dex:       It affects your dexterity (+6).
   rCorr:     It protects you from acid and corrosion.
Wands
 j - a wand of quicksilver (5)
 k - a wand of iceblast (5)
Scrolls
 h - 4 scrolls of blinking
 l - 3 scrolls of fog
Potions
 c - a potion of curing
 d - 3 potions of heal wounds
 e - 4 potions of haste
 f - 2 potions of magic
 g - a potion of berserk rage
 i - a potion of resistance


   Skills:
 + Level 12.9 Fighting
 + Level 13.8 Polearms
 + Level 6.2 Armour
 + Level 7.3 Dodging
 + Level 2.0 Stealth


You had 7 spell levels left.
You didn't know any spells.
Your spell library was empty.

Dungeon Overview and Level Annotations

Branches:
Dungeon (1/1)

Altars:
Cheibriados
Dithmenos
Fedhas
Gozag
Kikubaaqudgha
Makhleb
Okawaru
Qazlal
Ru
Sif Muna
Trog
Uskayaw
Vehumet
Wu Jian
Xom
Yredelemnul
Zin
The Shining One
Lugonu

Shops:
D *[??*?*:[((!!!!


Innate Abilities, Weirdness & Mutations

You have a pair of horns on your head.
You reflexively headbutt those who attack you in melee.


Message History

r - 2 curare-tipped darts You feel a strong urge to attack something.
A kobold demonologist comes into view. It is wielding a +0 dagger.
You are no longer berserk.
You are exhausted.
You feel yourself slow down.
The kobold demonologist shouts!
The kobold demonologist casts a spell.
There are monsters nearby!
Throw: 2 darts (curare)
Press: ? - help, Q - select action, (/) - cycle Shift-Dir - straight line, f - hellwing
Aim: a hellwing (summoned, 66% to hit)
You throw a curare-tipped dart.
The curare-tipped dart barely misses the hellwing.
The kobold demonologist mumbles some strange words.
The kobold demonologist gestures wildly while chanting.
The hellwing swoops through the air toward you!
The hellwing closely misses you. You furiously retaliate!
You headbutt the hellwing, but do no damage.
The hellwing barely misses you.
A kobold brigand comes into view.
It is wielding a +0 whip and quivering poisoned darts.
The hellwing hits you!
The hellwing hits you but does no damage.
You barely miss the kobold demonologist.
The kobold brigand shouts!
The kobold demonologist hits you with a +0 dagger.
The hellwing barely misses you. The hellwing hits you!
* * * LOW HITPOINT WARNING * * *
You fail to use your ability.
The white imp closely misses you. You furiously retaliate!
You headbutt the white imp.
The crimson imp blinks!
The kobold demonologist begins to cast a cantrip, but forgets the words!
The hellwing hits you!
* * * LOW HITPOINT WARNING * * *
The hellwing misses you. The iron imp puffs mist at you.
The white imp gestures at you. The puff of frost hits you!
* * * LOW HITPOINT WARNING * * *
The kobold demonologist hits you with a +0 dagger.
You die...

#_......._# #_......._#
#_......._# ###.........###
#⌠...........⌠#
######.8.........8.######
##.___....†.###.......__∩#
###∩.......48.# #.8.†......∩
##........35@.)###...........
#⌠.....÷..5K###...###........
#⌠..........# #.<.# #[.......
#⌠..........###...###........
##.............###...........
###∩5(......8.# #.8........∩
##∩.__......###......___∩#
######.8.........8.######
#§...........⌠#


You could see a hellwing (summoned), a kobold demonologist, a smoke demon
(summoned), an iron imp (summoned), a crimson imp (summoned) and a white imp
(summoned).

Vanquished Creatures
  Sonja (D)
  Sigmund (D)
  3 scorpions (D)
  3 killer bees (D)
  2 ball pythons (D)
  A giant cockroach (D)
  A frilled lizard (D)
12 creatures vanquished.

Notes
Turn   | Place    | Note
-------+----------+-------------------------------------------
     0 | D        | boopmooplesden the Minotaur Berserker began the quest for
                  | the Orb.
     0 | D        | Reached XP level 1. HP: 19/19 MP: 0/0
     3 | D        | Found a shimmering altar of Xom.
     3 | D        | Found an iron altar of Okawaru.
     4 | D        | Found a blossoming altar of Fedhas.
     4 | D        | Found a radiant altar of Vehumet.
     5 | D        | Found a glowing silver altar of Zin.
     5 | D        | Round 1.
     6 | D        | Found a corrupted altar of Lugonu.
     6 | D        | Found a basalt altar of Yredelemnul.
     6 | D        | Found Vanemora's Identification Station.
     7 | D        | Found Lygih's Jewellery.
     7 | D        | Found Gyebem's Advanced Armour.
    15 | D        | Bought a warped tin ring for 45 gold pieces
    15 | D        | Identified the ring of Kyteceta {MP+9 Dex+3} (You bought it
                  | in a shop in the Dungeon)
    15 | D        | Bought a glittering lead amulet for 45 gold pieces
    15 | D        | Identified the amulet of the Present {Faith rElec rPois
                  | Int+7 Dex-4} (You bought it in a shop in the Dungeon)
    15 | D        | Bought a twitching marble ring for 45 gold pieces
    15 | D        | Identified the ring of Onnic {rCorr Dex+6} (You bought it
                  | in a shop in the Dungeon)
    29 | D        | Found an opulent altar of Gozag.
    30 | D        | Found Gexzeol's Magic Scroll Shop.
    31 | D        | Found Liluironn's Magic Scroll Shop.
    31 | D        | Found Tuahul's Must-Have Magic.
    32 | D        | Found a snail-covered altar of Cheibriados.
    32 | D        | Found a stormy altar of Qazlal.
    32 | D        | Found a glowing golden altar of the Shining One.
    32 | D        | Found Kupral's Staff Store.
    42 | D        | Found an ornate altar of the Wu Jian Council.
    43 | D        | Found a hide-covered altar of Uskayaw.
    43 | D        | Noticed Sigmund
    44 | D        | Found Evipp's Distillery.
    44 | D        | Found a shadowy altar of Dithmenos.
    44 | D        | Found a bloodstained altar of Trog.
    44 | D        | Found a shimmering blue altar of Sif Muna.
    44 | D        | Found Onopar's Do-It-Yourself Clinic.
    45 | D        | Found Ceag's Distillery.
    45 | D        | Found Giocumm's Bottled Wisdom.
    48 | D        | Found an ancient bone altar of Kikubaaqudgha.
    49 | D        | Found a burning altar of Makhleb.
    54 | D        | Reached ** piety under Trog
    55 | D        | Reached skill level 4 in Polearms
    63 | D        | Killed Sigmund
    64 | D        | Reached skill level 8 in Polearms
    64 | D        | Reached XP level 2. HP: 23/36 MP: 1/1
    64 | D        | Reached XP level 3. HP: 26/41 MP: 2/2
    64 | D        | Reached XP level 4. HP: 31/49 MP: 3/3
    64 | D        | Reached XP level 5. HP: 35/55 MP: 4/4
    82 | D        | Found Ocwuud Qole's Weapon Rack.
    83 | D        | Found Rairryuj's Basic Armour.
    83 | D        | Found Ulaef's Miscellaneous Merchandise.
    84 | D        | Found a sacrificial altar of Ru.
    84 | D        | Found Yhukoezo's Premium Goods.
    94 | D        | Reached *** piety under Trog
    94 | D        | Arena points: 12 (+12) [x2]
   120 | D        | Bought a +0 buckler for 54 gold pieces
   135 | D        | Round 2.
   158 | D        | Reached skill level 9 in Polearms
   212 | D        | Reached skill level 10 in Polearms
   255 | D        | Reached skill level 10 in Fighting
   255 | D        | Reached skill level 5 in Armour
   255 | D        | Reached skill level 5 in Dodging
   255 | D        | Reached skill level 1 in Stealth
   255 | D        | Reached XP level 6. HP: 34/66 MP: 5/5
   259 | D        | Reached **** piety under Trog
   260 | D        | Reached skill level 11 in Polearms
   268 | D        | Arena points: 54 (+42) [x3]
   306 | D        | Round 3.
   311 | D        | Noticed Sonja
   324 | D        | Killed Sonja
   325 | D        | Reached skill level 13 in Polearms
   325 | D        | Reached XP level 7. HP: 58/78 MP: 6/6
   325 | D        | Reached XP level 8. HP: 64/85 MP: 7/7
   327 | D        | Noticed a kobold demonologist
   328 | D        | Noticed a hellwing
   332 | D        | Noticed a smoke demon
   333 | D        | HP: 3/85 [white imp/puff of frost[a kobold demonologist]
                  | (11)]
   333 | D        | Slain by a kobold demonologist

Illustrated notes

Levels and vault maps discovered:
D:        arena_sprint

Skill      XL: |  1  2  3  4  5  6 |
---------------+-------------------+-----
Polearms       | 8 10 13 | 13.8
Fighting       | 8 10 12 | 12.9
Armour         | 4 5 6 |  6.2
Dodging        | 4 5 7 |  7.3
Stealth        | 1 2 |  2.0

Action                   |  1- 3 |  4- 6 |  7- 9 || total
-------------------------+-------+-------+-------++-------
Melee: Spear             |    11 |       |       ||    11
       Headbutt          |     2 |     3 |       ||     5
       Halberd           |       |    24 |     1 ||    25
Throw: Dart              |       |       |     1 ||     1
Invok: Berserk           |     1 |     3 |       ||     4
  Use: Potion            |       |     1 |       ||     1
Armor: Animal skin       |       |     5 |     1 ||     6
Dodge: Dodged            |     6 |    28 |     5 ||    39
